 Dungeon Crawl Stone Soup version 0.28.0-53-g5a82cb258f (webtiles) character file.

Game seed: 8088077697311052164

2023 doricub5 the Fighter (level 9, -1/133 HPs)
             Began as a Minotaur Fighter on July 23, 2022.
             Was an Initiate of Trog.
             Succumbed to a hornet's poison
             ... on level 5 of the Dungeon.
             The game lasted 00:14:45 (3562 turns).

doricub5 the Fighter (Minotaur Fighter)             Turns: 3562, Time: 00:14:45

Health: -1/133     AC: 12    Str: 31    XL:     9   Next: 3%
Magic:  8/8        EV:  9    Int:  5    God:    Trog [......]
Gold:   174        SH:  4    Dex: 10    Spells: 8/8 levels left

rFire   . . .      SeeInvis +   a - +0 long sword
rCold   . . .      Faith    .   c - +0 buckler
rNeg    . . .      Spirit   .   j - +0 chain mail
rPois   .          Reflect  .   (helmet restricted)
rElec   .          Harm     .   (no cloak)
rCorr   .          Rampage  .   (no gloves)
Will    .....                   n - +0 pair of boots {Fly}
Stlth   ..........              (no amulet)
HPRegen 0.32/turn               g - +6 ring of strength
MPRegen 0.11/turn               (no ring)

@: berserking (expiring), lethally poisoned (-1 -> -5), flying, slowed
A: horns 2, retaliatory headbutt, see invisible, sturdy frame 1
a: Renounce Religion


You were on level 5 of the Dungeon.
You worshipped Trog.
Trog was noncommittal.
You visited 2 branches of the dungeon, and saw 7 of its levels.

You collected 174 gold pieces.

Inventory:

Hand Weapons
 a - a +0 long sword (weapon)
Armour
 c - a +0 buckler (worn)
 j - a +0 chain mail (worn)
 n - a +0 pair of boots of flying (worn)
Jewellery
 g - a +6 ring of strength (left hand)
Scrolls
 b - a scroll of teleportation {unknown}
 f - 3 scrolls of fog
 i - a scroll of vulnerability
 k - a scroll of torment {unknown}
 l - a scroll of immolation {unknown}
 m - a scroll of enchant armour {unknown}
Potions
 d - a potion of might
 e - a potion of brilliance {unknown}
 h - 2 potions of cancellation


   Skills:
 * Level 11.0 Fighting
 - Level 2.4 Long Blades
 + Level 8.2 Armour
 - Level 3.6 Shields
 + Level 4.4 Evocations


You had 8 spell levels left.
You didn't know any spells.
Your spell library was empty.

Dungeon Overview and Level Annotations

Branches:
Dungeon (6/15)             Temple (1/1) D:4

Altars:
Ashenzari
Dithmenos
Elyvilon
Fedhas
Gozag
Kikubaaqudgha
Makhleb
Qazlal
Ru
Sif Muna
Trog
Uskayaw
Vehumet
Wu Jian
Yredelemnul
Zin
The Shining One

Shops:
D:4 *

Annotations:
D:4 shop with demon blade


Innate Abilities, Weirdness & Mutations

You have a pair of horns on your head.
You reflexively headbutt those who attack you in melee.
You have supernaturally acute eyesight. (SInv)
Your movements are slightly less encumbered by armour. (ER -2)


Message History

The scorpion stings you but does no damage.
You block the hornet's attack.
The scorpion stings you but does no damage.
Your Armour skill increases to level 8!
You are too berserk!
You slash the hornet!
You kill the hornet!
Trog accepts your kill.
* * * LOW HITPOINT WARNING * * *
You feel very sick.
The scorpion stings you but does no damage.
You slash the scorpion! You headbutt the scorpion.
You kill the scorpion!
Trog accepts your kill.
* * * LOW HITPOINT WARNING * * *
You feel very sick. The gnoll completely misses you.
The gnoll hits you but does no damage.
Your Fighting skill increases to level 11!
You have reached level 9!
Your experience leads to an increase in your attributes!
Your base attributes are Str 23, Int 5, Dex 10.
Increase (S)trength, (I)ntelligence, or (D)exterity?
You feel stronger. x2
You slice the gnoll!!
You kill the gnoll!
Trog accepts your kill.
* * * LOW HITPOINT WARNING * * *
You feel very sick.
You slash the howler monkey skeleton!
The howler monkey skeleton is heavily damaged.
* * * LOW HITPOINT WARNING * * *
You feel sick.
The howler monkey skeleton barely misses you.
You furiously retaliate!
You headbutt the howler monkey skeleton!!
You destroy the howler monkey skeleton!
Trog accepts your kill.
You are too berserk!
There is a lethal amount of poison in your body!
You die...

#.# #.# ####### #.#
#.....# #.### #.....#
#...#######.....####
#...................
#...................
####...#######.......##
#.....@†######.....÷.#
#.#####)....('.......#
#.....÷....###.........
#..........# ####.##.##
#..........# #....#
#.#######'############
# #..............#
#..............#
#..............####


There were no monsters in sight!

Vanquished Creatures
  A two-headed ogre (D:5)
  A hornet (D:5)
  Grinder (D:5)
  A yak (D:5)
  A black bear (D:5)
  An ogre (D:5)
  A centaur (D:5)
  4 scorpions
  A killer bee (D:5)
  A howler monkey (D:4)
  A centaur zombie (D:5)
  4 hounds
  Natasha (twice) (D:3)
  A hound zombie (D:5)
  A hound skeleton (D:5)
  2 gnolls
  A howler monkey skeleton (D:5)
  4 adders
  A white imp (D:5)
  A worm (D:4)
  A dart slug (D:2)
  4 orcs (D:4)
  3 ball pythons
  4 endoplasms
  A giant cockroach (D:1)
  7 goblins
  9 hobgoblins
  3 jackals (D:1)
  5 quokkas
  6 bats
  4 frilled lizards
  6 kobolds
  2 rats (D:1)
86 creatures vanquished.

Notes
Turn   | Place    | Note
-------+----------+-------------------------------------------
     0 | D:1      | doricub5 the Minotaur Fighter began the quest for the Orb.
     0 | D:1      | Reached XP level 1. HP: 19/19 MP: 0/0
    61 | D:1      | Reached skill level 4 in Fighting
    86 | D:1      | Reached XP level 2. HP: 22/27 MP: 1/1
   261 | D:1      | Found a faded altar of an unknown god.
   479 | D:1      | Reached XP level 3. HP: 34/34 MP: 2/2
  1019 | D:2      | Gained mutation: Your movements are slightly less
                  | encumbered by armour. (ER -2) [potion of mutation]
  1019 | D:2      | Gained mutation: You have supernaturally acute eyesight.
                  | (SInv) [potion of mutation]
  1193 | D:2      | Reached skill level 5 in Fighting
  1428 | D:3      | Reached XP level 4. HP: 40/42 MP: 3/3
  1679 | D:3      | Noticed Natasha
  1692 | D:3      | Killed Natasha
  1746 | D:3      | Noticed Natasha
  1752 | D:3      | Killed Natasha
  1753 | D:3      | Reached skill level 6 in Fighting
  1762 | D:3      | Reached XP level 5. HP: 36/50 MP: 4/4
  1982 | D:3      | Reached skill level 5 in Armour
  2095 | D:3      | Found a sacrificial altar of Ru.
  2253 | D:4      | Found a staircase to the Ecumenical Temple.
  2274 | Temple   | Entered the Ecumenical Temple
  2481 | Temple   | Became a worshipper of Trog the Wrathful
  2712 | D:4      | Reached skill level 7 in Fighting
  2712 | D:4      | Reached XP level 6. HP: 60/60 MP: 5/5
  2835 | D:4      | Found Jelel's Assorted Antiques.
  3023 | D:5      | Entered Level 5 of the Dungeon
  3100 | D:5      | Noticed Grinder
  3112 | D:5      | Reached skill level 1 in Evocations
  3117 | D:5      | Paralysed by Grinder for 2 turns
  3121 | D:5      | Paralysed by Grinder for 4 turns
  3126 | D:5      | Killed Grinder
  3127 | D:5      | Reached skill level 8 in Fighting
  3127 | D:5      | Reached XP level 7. HP: 50/68 MP: 6/6
  3281 | D:5      | Noticed a yak
  3292 | D:5      | Noticed a two-headed ogre
  3294 | D:5      | Reached skill level 9 in Fighting
  3300 | D:5      | Killed a yak
  3301 | D:5      | Reached XP level 8. HP: 53/78 MP: 7/7
  3304 | D:5      | Killed a two-headed ogre
  3304 | D:5      | Noticed a hornet
  3305 | D:5      | Reached skill level 10 in Fighting
  3325 | D:6      | Reached * piety under Trog
  3554 | D:5      | Paralysed by a hornet for 3 turns
  3558 | D:5      | Killed a hornet
  3559 | D:5      | HP: 5/121 [poisoned by a hornet]
  3560 | D:5      | Reached skill level 11 in Fighting
  3560 | D:5      | Reached XP level 9. HP: 5/89 MP: 8/8
  3561 | D:5      | HP: 1/133 [poisoned by a hornet]
  3562 | D:5      | Succumbed to a hornet's poison

Illustrated notes

Levels and vault maps discovered:
D:1:      wander_arrival_fairy_ring, layout_loops_ring, basic_ecumenical_altar
D:2:      layout_rooms, dk_noncrumbling_2
D:3:      layout_loops_ring, marbit_many_paths, uniq_natasha
D:4:      layout_rooms, temple_fountains, serial_shops, nicolae_shop_statue_plus
D:5:      cheibrodos_fzero, layout_basic, uniq_grinder
D:6:      layout_basic
Temple:   eino_temple_rhombus

Skill      XL: |  1  2  3  4  5  6  7  8 |
---------------+-------------------------+-----
Fighting       | 4 5 6 7 8 9 11 | 11.0
Armour         | 4 5 6 7 8 |  8.2
Evocations     | 2 3 4 |  4.4
Long Blades    | |  2.4
Shields        | |  3.6

Action                   |  1- 3 |  4- 6 |  7- 9 || total
-------------------------+-------+-------+-------++-------
Melee: Long sword        |    76 |   116 |    36 ||   228
       Headbutt          |     6 |    15 |    10 ||    31
Invok: Berserk           |       |       |     1 ||     1
  Use: Scroll            |     3 |     1 |       ||     4
       Potion            |     1 |       |     1 ||     2
Armor: Scale mail        |    26 |       |       ||    26
       Chain mail        |     7 |    62 |    34 ||   103
Dodge: Dodged            |    29 |    50 |    23 ||   102
Block: Buckler           |    15 |    33 |     8 ||    56
